 Dungeon Crawl Stone Soup version 0.29-a0-598-gd8304a5bf4 (webtiles) character file.

Game seed: 1033767032486611088

42 vineage the Skirmisher (level 3, -3/24 HPs)
             Began as a Gargoyle Fighter on June 15, 2022.
             Slain by a goblin
             ... wielding a +0 club
             ... led by Robin
              (6 damage)
             ... on level 2 of the Dungeon.
             The game lasted 00:01:31 (856 turns).

vineage the Skirmisher (Gargoyle Fighter)            Turns: 856, Time: 00:01:32

Health: -3/24      AC: 10    Str: 21    XL:     3   Next: 56%
Magic:  3/3        EV:  9    Int:  8    God:
Gold:   59         SH:  4    Dex:  9    Spells: 2/2 levels left

rFire   . . .      SeeInvis .   a - +0 flail
rCold   . . .      Faith    .   c - +0 buckler
rNeg    + . .      Spirit   .   b - +0 scale mail
rPois   ∞          Reflect  .   (no helmet)
rElec   +          Harm     .   (no cloak)
rCorr   .          Rampage  .   (no gloves)
Will    .....                   (no boots)
Stlth   ..........              (no amulet)
HPRegen 0.08/turn               (no ring)
MPRegen 0.08/turn               (no ring)

@: mighty
A: sickness immunity, AC +3, negative energy resistance 1, electricity
resistance, torment resistance 1, petrification resistance
a: no special abilities


You were on level 2 of the Dungeon.
You visited 1 branch of the dungeon, and saw 2 of its levels.

You collected 59 gold pieces.

Inventory:

Hand Weapons
 a - a +0 flail (weapon)
Armour
 b - a +0 scale mail (worn)
 c - a +0 buckler (worn)
Jewellery
 e - an amulet of the acrobat
Scrolls
 g - a scroll of teleportation {unknown}
 i - a scroll of amnesia {unknown}
 j - a scroll of identify {unknown}
 l - a scroll of fog {unknown}
Potions
 f - a potion of resistance {unknown}
 h - 2 potions of mutation {unknown}
 k - a potion of cancellation {unknown}
 m - a potion of invisibility {unknown}
 n - 2 potions of curing {unknown}


   Skills:
 * Level 3.9 Fighting
 * Level 2.7 Maces & Flails
 + Level 3.6 Armour
 + Level 3.5 Shields


You had 2 spell levels left.
You didn't know any spells.
Your spell library was empty.

Dungeon Overview and Level Annotations

Branches:
Dungeon (2/15)

Altars:

Annotations:
D:2 Robin


Innate Abilities, Weirdness & Mutations

You are immune to sickness and miasma.
Your stone body is resilient. (AC +3)
You are immune to poison.
You resist negative energy. (rN+)
You are resistant to electric shocks. (rElec)
You are resistant to unholy torment.
You are immune to petrification.


Message History

You closely miss the goblin.
The goblin is severely wounded.
The hobgoblin no longer looks unusually strong. x2
You block the goblin's attack.
The hobgoblin hits you but does no damage.
Robin flexes a bicep menacingly.
Robin roars a battlecry!
The hobgoblins go into a battle-frenzy!
The goblin hits you with a +0 club.
* * * LOW HITPOINT WARNING * * *
You closely miss the goblin.
The goblin is severely wounded.
The goblin no longer looks unusually strong.
Robin roars a battlecry!
The goblin goes into a battle-frenzy!
You block the goblin's attack. The goblin hits you but does no damage.
You block the hobgoblin's attack.
You thump the goblin!
You kill the goblin!
The goblin closely misses you.
A jackal comes into view.
The hobgoblin closely misses you. The goblin hits you but does no damage.
You closely miss the hobgoblin.
The jackal barks!
The goblin no longer looks unusually strong.
A jackal comes into view. x2
The goblin barely misses you.
The hobgoblin hits you but does no damage.
Robin roars a battlecry!
The goblin goes into a battle-frenzy!
The goblin barely misses you.
The jackal moves out of view.
You closely miss the hobgoblin.
The goblin no longer looks unusually strong. x2
The goblin hits you but does no damage. You block the goblin's attack.
The hobgoblin closely misses you.
Robin says, "My goblins will feast on your bones."
You barely miss the hobgoblin.
The hobgoblin no longer looks unusually strong.
The goblin closely misses you. The goblin hits you with a +0 club.
You die... .. .. ...... ghh.. g#g##. # #ggr... ##. gwhg.

.... ##gB# # #..# #@g#
...# #...##g###...##
#............
####..##..... #.......#.
##..###.## .#
..##....##.# ### .##
.........)..## ..# .>.
...####.##...####.###...


You could see Robin, a dart slug, 3 jackals, a giant cockroach, 4 hobgoblins, 5
goblins and a rat.

Vanquished Creatures
  An adder (D:2)
  A dart slug (D:1)
  3 bats (D:1)
  An endoplasm (D:1)
  A giant cockroach (D:2)
  4 hobgoblins
  A quokka (D:1)
  3 frilled lizards (D:1)
  5 goblins
  6 kobolds
  4 rats
30 creatures vanquished.

Notes
Turn   | Place    | Note
-------+----------+-------------------------------------------
     0 | D:1      | vineage the Gargoyle Fighter began the quest for the Orb.
     0 | D:1      | Reached XP level 1. HP: 14/14 MP: 1/1
   342 | D:1      | Reached XP level 2. HP: 19/19 MP: 2/2
   579 | D:1      | Found a faded altar of an unknown god.
   770 | D:2      | Reached XP level 3. HP: 22/24 MP: 3/3
   837 | D:2      | Noticed Robin
   856 | D:2      | Slain by a goblin

Illustrated notes

Levels and vault maps discovered:
D:1:      minmay_arrival_widening_spiral_wide, layout_basic,
          shapermc_ecumenical_altar_acropolis
D:2:      layout_rooms, uniq_robin

Action                   || total
-------------------------++-------
Melee: Flail             ||    84
  Use: Potion            ||     1
Armor: Scale mail        ||    52
Dodge: Dodged            ||    53
Block: Buckler           ||    22

Table legend: (Time is in decaauts)
 A = Elapsed time spent in this place.
 B = Non-inter-level travel time spent in this place.
 C = Inter-level travel time spent in this place.
 D = Time resting spent in this place.
 E = Time spent auto-exploring this place.
 F = Levels seen in this place.
 G = Mean time per level.
                   A        B        C        D        E       F      G
               +--------+--------+--------+--------+--------+-----+--------+
         Total |    882 |    858 |     24 |      0 |    679 |   2 |  441.0 |
       Dungeon |    882 |    858 |     24 |      0 |    679 |   2 |  441.0 |
               +--------+--------+--------+--------+--------+-----+--------+

Top non-repeatable levels by time:
     D:1: 779 daAuts
     D:2: 103 daAuts
